Map: Frozen Temple

Players

LiquidTLO (TLO) - Winner!

  • Race: Zerg Zerg
  • League: Grandmaster

Khyira

  • Race: Terran Terran
  • League: Grandmaster

VOD

Have the link to the VOD?

Description

Time

  • Played on: July 2, 2016, 2:39 p.m.
  • Length: 6:07
Show
View Real Time Build Order
Export as new Build Order

LiquidTLO Zerg - Winner!

Build Orders: Hatch First 

Get SALT Encoding   

  12  0:01  Drone  
  13  0:13  Overlord  
  13  0:17  Drone  
  14  0:31  Drone  
  14  0:32  Drone  
  16  0:36  Drone  
  17  0:52  Hatchery  
  17  0:55  Drone  
  17  0:59  Drone  
  17  1:01  Extractor  
  17  1:14  Spawning Pool  
  17  1:16  Drone  
  17  1:21  Drone  
  18  1:29  Drone  
  19  1:40  Overlord  
  19  2:01  Metabolic Boost, Zergling x2  
  20  2:02  Zergling x2, Queen  
  20  2:05  Queen  
  20  2:08  Drone  
  26  2:13  Drone  
  27  2:16  Drone  
  28  2:24  Drone  
  28  2:27  Drone  
  30  2:34  Drone  
  31  2:37  Overlord  
  31  2:38  Queen  
  33  2:45  Drone  
  33  2:50  Drone  
  35  2:57  Hatchery  
  34  2:59  Drone  
  34  3:00  Drone  
  36  3:09  Zergling x2  
  36  3:10  Drone x2  
  36  3:12  Drone x2  
  41  3:13  Drone  
  41  3:17  Drone  
  41  3:18  Drone  
  44  3:28  Overlord  
  44  3:30  Overlord  
  44  3:31  Overlord  
  44  3:35  Drone  
  44  3:39  Overlord  
  44  3:50  Drone  
  44  3:51  Baneling Nest, Queen  
  44  3:53  Drone  
  44  3:54  Queen  
  49  4:00  Drone  
  49  4:01  Evolution Chamber  
  48  4:04  Zergling x2  
  48  4:06  Zergling x6  
  52  4:12  Zergling x2  
  52  4:16  Queen  
  54  4:17  Zergling x4  
  54  4:19  Zergling x2  
  54  4:20  Zergling x2  
  54  4:21  Zergling x2  
  54  4:22  Zergling x2  
  62  4:24  Zergling x2  
  62  4:26  Zergling x2  
  62  4:28  Zergling x2  
  64  4:38  Zergling x8  
  65  4:42  Zergling x2  
  65  4:43  Extractor, Zergling x2  
  69  4:49  Zergling x2  
  69  4:50  Zergling x2  
  69  4:52  Zergling x2  
  72  4:53  Zergling x2  
  72  4:55  Zergling x2  
  72  4:56  Zergling x4  
  76  5:03  Baneling x6  
  76  5:05  Zergling x6  
  79  5:10  Zergling x2  
  79  5:12  Zergling x2, Baneling  
  79  5:13  Zergling x2  
  81  5:17  Overlord, Baneling  
  81  5:28  Zergling x2  
  79  5:31  Zergling x4  
  79  5:33  Zergling x4  
  79  5:35  Baneling x3  
  82  5:36  Overlord  
  82  5:37  Overlord  
  82  5:38  Zergling x4  
  82  5:40  Zergling x2  
  82  5:41  Zergling x2  
  82  5:44  Zergling x2  
  82  5:45  Zergling x2  
  82  5:47  Zergling x2  
Show
View Real Time Build Order
Export as new Build Order

Khyira Terran 

Build Orders: Reaper Expand 

Get SALT Encoding   

  12  0:01  SCV  
  13  0:13  SCV  
  14  0:18  Supply Depot  
  14  0:25  SCV  
  15  0:40  SCV  
  15  0:42  Barracks  
  16  0:47  Refinery  
  16  0:52  SCV  
  17  1:04  SCV  
  18  1:16  SCV  
  19  1:30  Orbital Command  
  19  1:31  Reaper  
  20  1:42  Command Center  
  20  1:52  Barracks  
  20  1:57  SCV  
  21  2:02  Refinery  
  21  2:04  Barracks Reactor  
  21  2:10  SCV  
  22  2:16  Supply Depot  
  22  2:22  SCV  
  23  2:28  Factory  
  23  2:38  SCV  
  23  2:41  Marine x2  
  23  2:42  Barracks Tech Lab  
  26  2:50  SCV  
  27  2:54  Orbital Command  
  27  3:01  Marine x2  
  27  3:02  Marine  
  30  3:09  Stimpack  
  30  3:10  SCV  
  31  3:19  Marine  
  32  3:22  Starport  
  32  3:27  SCV x2  
  34  3:36  Marine x2, Factory Reactor  
  34  3:38  Marine  
  36  3:41  SCV  
  36  3:43  SCV  
  36  3:47  Supply Depot  
  38  3:53  Marine, SCV  
  41  3:55  SCV  
  41  3:56  Marine  
  42  4:06  SCV  
  42  4:09  Marine  
  44  4:11  SCV  
  44  4:12  Supply Depot  
  44  4:15  Marine  
  44  4:16  Marine  
  47  4:20  SCV  
  47  4:21  Medivac  
  47  4:22  Medivac  
  47  4:23  SCV  
  53  4:32  SCV  
  53  4:33  Marine, Widow Mine  
  53  4:34  Marine x2  
  53  4:37  Supply Depot  
  59  4:40  SCV  
  60  4:46  Command Center  
  60  4:49  SCV  
  60  4:52  SCV  
  62  4:58  Marine  
  62  4:59  Supply Depot, Marine x2  
  65  5:06  SCV  
  65  5:09  SCV, Widow Mine  
  65  5:10  Medivac  
  65  5:11  Refinery  
  70  5:25  Marine x2, SCV x2  
  66  5:38  Marine, SCV  
Tags
 
Add a new tag
Caveats
  • Supply blocks, unpowered buildings, or Contaminate may cause inaccurate times.
  • Supply counts are checked every 10 seconds.